 Dungeon Crawl Stone Soup version 0.22-a0-803-gd6d8abe (webtiles) character file.

44 iamserjio the Firebug (level 3, 5/19 HPs)
             Began as a Tengu Fire Elementalist on July 22, 2018.
             Quit the game on level 3 of the Dungeon.
             The game lasted 00:04:29 (520 turns).

iamserjio the Firebug (Tengu Fire Elementalist)      Turns: 520, Time: 00:04:30

Health: 5/19       AC:  2    Str:  8    XL:     3   Next: 60%
Magic:  4/7        EV: 12    Int: 16    God:
Gold:   53         SH:  0    Dex: 14    Spells: 5/6 levels left

rFire    . . .     SeeInvis .   b - +0 dagger
rCold    . . .     Gourm    .   (no shield)
rNeg     . . .     Faith    .   a - +0 robe
rPois    .         Spirit   .   (helmet restricted)
rElec    .         Reflect  .   (no cloak)
rCorr    .         Harm     .   (no gloves)
MR       .....                  (boots unavailable)
Stlth    ++........             (no amulet)
HPRegen  0.06/turn              (no ring)
MPRegen  0.10/turn              (no ring)

@: no status effects
A: beak, talons 3
a: no special abilities


You were on level 3 of the Dungeon.
You were not hungry.

You visited 1 branch of the dungeon, and saw 3 of its levels.

You collected 53 gold pieces.

Inventory:

Hand Weapons
 b - a +0 dagger (weapon)
Armour
 a - a +0 robe (worn)
 j - a +0 leather armour
Jewellery
 g - a +4 ring of dexterity {unknown}
Scrolls
 d - 3 scrolls of identify {unknown}
 k - a scroll of remove curse {unknown}
Potions
 e - a potion of curing {@q1}
 f - a potion of flight {unknown}
 h - a potion of ambrosia {unknown}
 i - a potion of cancellation {unknown}
Comestibles
 c - 2 rations


   Skills:
 - Level 2.1 Dodging
 - Level 2.0 Stealth
 - Level 2.0 Spellcasting
 + Level 3.3 Conjurations
 + Level 4.2 Fire Magic


You had 5 spell levels left.
You knew the following spells:

 Your Spells              Type           Power        Failure   Level  Hunger
a - Flame Tongue          Conj/Fire      ##...        4%          1    #......

Your spell library contained the following spells:

 Spells                   Type           Power        Failure   Level  Hunger
 Fireball                 Conj/Fire      ##........   77%         5    ######.
 Conjure Flame            Conj/Fire      ##......     13%         3    ###....
 Throw Flame              Conj/Fire      ##....       7%          2    ###....
 Sticky Flame             Conj/Fire      ##......     41%         4    #####..
 Inner Flame              Hex/Fire       #.......     26%         3    ###....


Dungeon Overview and Level Annotations

Branches:
Dungeon (3/15)

Altars:
Qazlal

Annotations:
D:3 Ijyb, Natasha


Innate Abilities, Weirdness & Mutations

You have a beak for a mouth.
You have claws for feet.


Message History

You kill the giant cockroach!
Found 5 gold pieces.
You see here a scroll labeled CIABUI NENGEVEI.
k - a scroll labeled CIABUI NENGEVEI
Found 6 needles of confusion.
Found a stormy altar of Qazlal.
Found an escape hatch in the floor.
A bullfrog comes into view.
Found a chain mail.
The bullfrog croaks.
You see here 5 gold pieces.
It was a potion of curing.
You feel better. The bullfrog misses you.
The bullfrog hits you but does no damage.
Ijyb the Twisted Goblin comes into view.
She is wielding a dagger.
Ijyb shouts!
Found a metallic ruby potion.
Natasha, Servant of Life and Death comes into view.
The bullfrog hits you.
* * * LOW HITPOINT WARNING * * *
Are you sure you want to abandon this character and quit the game? (Confirm with "yes".)

#######.##....
#.............
#......h.[...#
............### .....
.!............. .....(.
####..##........
.......##...............
.......##...w..F@...≈...
#......##...≈$..........
#.........≈≈≈≈≈..≈≈.....
#..........≈≈≈≈≈≈≈≈..###
..........≈≈≈≈≈≈≈≈≈....
######......≈≈_8≈≈≈≈....
..†)........≈≈>.≈≈...g..
.>####......≈≈≈≈≈≈......
..# #......≈≈≈≈≈≈.≈...


You could see Ijyb, a bullfrog, a worm and Natasha (wandering).

Vanquished Creatures
  An adder (D:2)
  2 leopard geckos (D:1)
  2 giant cockroaches
  2 goblins (D:1)
  4 hobgoblins
  5 jackals (D:1)
  2 kobolds (D:1)
  2 quokkas (D:2)
  A ball python (D:3)
  3 bats
  A frilled lizard (D:1)
  4 rats
29 creatures vanquished.

Notes
Turn   | Place    | Note
-------+----------+-------------------------------------------
     0 | D:1      | iamserjio the Tengu Fire Elementalist began the quest for the Orb.
     0 | D:1      | Reached XP level 1. HP: 10/10 MP: 4/4
    55 | D:1      | Reached XP level 2. HP: 5/15 MP: 0/6
   325 | D:1      | Reached XP level 3. HP: 8/19 MP: 3/7
   346 | D:2      | Reached skill level 4 in Fire Magic
   508 | D:3      | Found a stormy altar of Qazlal.
   511 | D:3      | Noticed a bullfrog
   518 | D:3      | Noticed Ijyb
   519 | D:3      | Noticed Natasha
   520 | D:3      | Quit the game

Vault maps used:
D:1:      dpeg_arrival_tiny_a
D:2:      first_ration
D:3:      lemuel_crystal_altar, nemelex_xobeh_ov_fountains_minmay,
          overflow_temple_1_default, chequers_ecumenical_altar_twisty,
          nicolae_qazlal_general_emergency, uniq_ijyb, uniq_natasha

Skill      XL: |  1  2  3 |
---------------+----------+-----
Conjurations   | 2 3 |  3.3
Fire Magic     | 4 |  4.2
Dodging        | |  2.1
Stealth        | |  2.0
Spellcasting   | |  2.0

Action                   || total
-------------------------++-------
Melee: Dagger            ||    21
       Kick              ||     3
       Peck              ||     1
 Cast: Flame Tongue      ||    42
  Use: Potion            ||     2
Armor: Robe              ||     5
Dodge: Dodged            ||    30

Table legend:
 A = Spawn XP
 B = Non-spawn XP
 C = Spawn XP percentage of total XP
 D = Spawn monster count
 E = Non-spawn monster count
 F = Spawn count percentage of total count
 G = Total turns spent on level
                    A         B        C        D         E        F      G
               +---------+---------+-------+---------+---------+-------+---------
         Total |       0 |      63 |   0.0 |       0 |      29 |   0.0 |   520
               +---------+---------+-------+---------+---------+-------+---------
           D:1 |       0 |      31 |   0.0 |       0 |      17 |   0.0 |   317
           D:2 |       0 |      27 |   0.0 |       0 |       9 |   0.0 |   172
           D:3 |       0 |       5 |   0.0 |       0 |       3 |   0.0 |    31
               +---------+---------+-------+---------+---------+-------+---------
